 Dungeon Crawl Stone Soup version 0.28.0-47-ge53b351184 (webtiles) character file.

Game seed: 2742500907486145745

12 kingofstarryskies the Caller (level 2, -2/15 HPs)
             Began as a Deep Elf Summoner on May 2, 2022.
             Slain by a worm (6 damage)
             ... on level 2 of the Dungeon.
             The game lasted 00:04:56 (322 turns).

kingofstarryskies the Caller (Deep Elf Summoner)     Turns: 322, Time: 00:04:57

Health: -2/15      AC:  2    Str:  5    XL:     2   Next: 20%
Magic:  6/8        EV: 12    Int: 19    God:
Gold:   1          SH:  0    Dex: 15    Spells: 4/7 levels left

rFire   . . .      SeeInvis .   c - +0 dagger
rCold   . . .      Faith    .   (no shield)
rNeg    . . .      Spirit   .   a - +0 robe
rPois   .          Reflect  .   (no helmet)
rElec   .          Harm     .   (no cloak)
rCorr   .          Rampage  .   (no gloves)
Will    .....                   (no boots)
Stlth   ++........              (no amulet)
HPRegen 0.05/turn               (no ring)
MPRegen 0.11/turn               (no ring)

@: no status effects
A: no striking features
a: no special abilities


You were on level 2 of the Dungeon.
You visited 1 branch of the dungeon, and saw 2 of its levels.

You collected 1 gold pieces.

Inventory:

Hand Weapons
 c - a +0 dagger (weapon)
Armour
 a - a +0 robe (worn)
Scrolls
 b - a scroll of identify


   Skills:
 - Level 2.4 Dodging
 - Level 2.4 Stealth
 - Level 3.0 Spellcasting
 * Level 5.0 Summonings


You had 4 spell levels left.
You knew the following spells:

 Your Spells              Type           Power      Damage    Failure   Level
a - Summon Small Mammal   Summ           88%        N/A       1%          1
b - Call Imp              Summ           22%        N/A       3%          2

Your spell library contained the following spells:

 Spells                   Type           Power      Damage    Failure   Level
 Call Canine Familiar     Summ           22%        N/A       6%          3
 Summon Guardian Golem    Hex/Summ       12%        N/A       16%         3
 Summon Lightning Spire   Summ/Air       12%        N/A       47%         4


Dungeon Overview and Level Annotations

Branches:
Dungeon (2/15)

Altars:


Message History

A worm is nearby!
Casting: Call Imp (safe; 3% risk of failure)
Confirm with . or Enter, or press ? or * to list all spells.
You don't know that spell.
Casting: Call Imp (safe; 3% risk of failure)
Confirm with . or Enter, or press ? or * to list all spells.
A beastly little devil appears in a puff of flame.
The worm bites your crimson imp.
Your crimson imp hits the worm.
The worm barely misses your crimson imp.
A worm is nearby!
Your crimson imp hits the worm.
The worm barely misses your crimson imp.
A ball python comes into view.
Your crimson imp hits the worm.
Your crimson imp hits the worm.
The worm misses your crimson imp.
Your crimson imp blinks!
Found 15 stones.
The ball python hisses angrily.
There are monsters nearby!
Your crimson imp blinks!
The ball python bites you but does no damage.
The ball python grabs you. The ball python constricts you.
You hit the ball python.
You kill the ball python!
Your crimson imp blinks!
The worm bites you.
You hit the worm.
The worm is lightly wounded.
You hit the worm.
The worm is moderately wounded.
The worm bites you!
Ouch! That really hurt!
* * * LOW HITPOINT WARNING * * *
You are too injured to fight recklessly!
Casting: Call Imp (safe; 3% risk of failure)
Confirm with . or Enter, or press ? or * to list all spells.
A shadowy apparition takes form in the air.
The worm bites you.
You die...

..........................
..........#####...........
..........................
........................
####..............#.####
...#..................
.............5........
..........w...........
........###@...<......
.#......# #...##......
#..........†...#.....
...........###.#.....
........... .# ....
..........# # (.. ##.#####
... #+


You could see a worm (ally target) and a friendly shadow imp (summoned).

Vanquished Creatures
  A ball python (D:2)
  A frilled lizard (D:1)
2 creatures vanquished.

Vanquished Creatures (collateral kills)
  A bat (D:2)
  An endoplasm (D:1)
  A giant cockroach (D:1)
  A goblin (D:1)
  A hobgoblin (D:2)
  2 quokkas
  A frilled lizard (D:1)
  A rat (D:2)
9 creatures vanquished.

Grand Total: 11 creatures vanquished

Notes
Turn   | Place    | Note
-------+----------+-------------------------------------------
     0 | D:1      | kingofstarryskies the Deep Elf Summoner began the quest for
                  | the Orb.
     0 | D:1      | Reached XP level 1. HP: 10/10 MP: 6/6
   130 | D:1      | You fall into a shaft and drop 1 floor!
   137 | D:2      | Reached XP level 2. HP: 12/15 MP: 5/8
   140 | D:2      | Learned a level 2 spell: Call Imp
   164 | D:2      | Reached skill level 5 in Summonings
   322 | D:2      | Slain by a worm

Illustrated notes

Levels and vault maps discovered:
D:1:      amcnicky_arrival_double_pillar, layout_rooms
D:2:      layout_basic, shapermc_ecumenical_altar_mp_ritualfount, basic_altar,
          chequers_decorated_corner

Skill      XL: |  1  2 |
---------------+-------+-----
Summonings     | 5 |  5.0
Dodging        | |  2.4
Stealth        | |  2.4
Spellcasting   | |  3.0

Action                   || total
-------------------------++-------
Melee: Unarmed           ||     6
       Dagger            ||     9
 Cast: Summon Small Mamm ||     6
       Call Imp          ||     3
  Use: Potion            ||     3
       Scroll            ||     1
 Stab: Sleeping          ||     1
Armor: Robe              ||     4
Dodge: Dodged            ||    10
